 Dungeon Crawl Stone Soup version 0.22.1-6-g1668fe2c40 (webtiles) character file.

112 Forgol the Firebug (level 4, -8/24 HPs)
             Began as a Deep Elf Fire Elementalist on Jan 21, 2019.
             Mangled by a gnoll
             ... wielding a +0 halberd
              (14 damage)
             ... on level 3 of the Dungeon.
             The game lasted 00:17:07 (4607 turns).

Forgol the Firebug (Deep Elf Fire Elementalist)     Turns: 4607, Time: 00:17:07

Health: -8/24      AC:  2    Str:  5    XL:     4   Next: 63%
Magic:  1/10       EV: 13    Int: 21    God:
Gold:   72         SH:  0    Dex: 15    Spells: 1/9 levels left

rFire    . . .     SeeInvis .   d - +0 dagger
rCold    . . .     Gourm    .   (no shield)
rNeg     . . .     Faith    .   a - +0 robe
rPois    .         Spirit   .   (no helmet)
rElec    .         Reflect  .   (no cloak)
rCorr    +         Harm     .   (no gloves)
MR       .....                  (no boots)
Stlth    ++........             (no amulet)
HPRegen  0.08/turn              f - ring of resist corrosion
MPRegen  0.12/turn              (no ring)

@: no status effects
A: no striking features
a: no special abilities


You were on level 3 of the Dungeon.
You were not hungry.

You visited 1 branch of the dungeon, and saw 3 of its levels.

You collected 72 gold pieces.

Inventory:

Hand Weapons
 d - a +0 dagger (weapon)
Missiles
 e - 4 stones (quivered)
 l - 2 tomahawks
Armour
 a - a +0 robe (worn)
Jewellery
 f - a ring of resist corrosion (left hand)
Scrolls
 i - a scroll of teleportation
 k - a scroll of fear
 o - a scroll of fog {unknown}
Potions
 b - a potion of curing {unknown}
 g - 2 potions of flight
 h - a potion of degeneration {unknown}
 j - a potion of lignification
 m - a potion of berserk rage {unknown}
 n - a potion of heal wounds {unknown}
 q - a potion of haste {unknown}
Comestibles
 c - 6 rations


   Skills:
 - Level 2.4 Dodging
 - Level 2.4 Stealth
 - Level 3.0 Spellcasting
 + Level 3.5 Conjurations
 + Level 4.8 Fire Magic


You had one spell level left.
You knew the following spells:

 Your Spells              Type           Power        Failure   Level  Hunger
a - Flame Tongue          Conj/Fire      ###..        2%          1    None
b - Conjure Flame         Conj/Fire      ###.....     7%          3    ###....
c - Sticky Flame          Conj/Fire      ###.....     24%         4    ####...

Your spell library contained the following spells:

 Spells                   Type           Power        Failure   Level  Hunger
 Throw Flame              Conj/Fire      ###...       3%          2    ##.....
 Inner Flame              Hex/Fire       ##......     16%         3    ###....
 Fireball                 Conj/Fire      ###.......   54%         5    ######.


Dungeon Overview and Level Annotations

Branches:
Dungeon (3/15)

Altars:
The Shining One

Annotations:
D:3 3 runed doors, NochnoyZador's ghost, amateur OpAs


Message History

The gnoll is moderately wounded.
The gnoll barely misses you.
Casting: Flame Tongue (safe; 2% risk of failure)
Confirm with . or Enter, or press ? or * to list all spells.
Aiming: Flame Tongue (safe; 2% risk of failure)
Press: ? - help, Shift-Dir - straight line, f/p - gnoll
Aim: a gnoll, wielding a halberd (moderately wounded)
The flame tongue misses the gnoll.
The gnoll hits you from afar with a halberd.
* * * LOW HITPOINT WARNING * * *
Casting: Flame Tongue (safe; 2% risk of failure)
Confirm with . or Enter, or press ? or * to list all spells.
Aiming: Flame Tongue (safe; 2% risk of failure)
Press: ? - help, Shift-Dir - straight line, f/p - gnoll
Aim: a gnoll, wielding a halberd (moderately wounded)
The flame tongue hits the gnoll.
The gnoll is severely wounded.
The gnoll hits you from afar with a halberd!
Ouch! That really hurt!
You die...

############
#.....@§g..#
#.########.# .....
#.# ..... #)#
.....#.# ####..#.#
..)...go#
#######.############
#.........go.gr.)...


You could see a gnoll.

Vanquished Creatures
  A gnoll (D:3)
  An adder (D:2)
  2 oozes
  2 worms
  3 dart slugs
  3 leopard geckos
  2 orcs (D:3)
  2 giant cockroaches (D:1)
  8 goblins
  11 hobgoblins
  3 jackals (D:3)
  A quokka (D:2)
  A ball python (D:1)
  9 bats
  4 frilled lizards
  6 kobolds
  5 rats
64 creatures vanquished.

Notes
Turn   | Place    | Note
-------+----------+-------------------------------------------
     0 | D:1      | Forgol the Deep Elf Fire Elementalist began the quest for
                  | the Orb.
     0 | D:1      | Reached XP level 1. HP: 10/10 MP: 6/6
   346 | D:1      | Reached XP level 2. HP: 6/15 MP: 5/8
  1054 | D:1      | Reached skill level 4 in Fire Magic
  1458 | D:1      | Reached XP level 3. HP: 16/19 MP: 5/9
  1855 | D:2      | Learned a level 3 spell: Conjure Flame
  3335 | D:2      | Reached XP level 4. HP: 24/24 MP: 6/10
  3865 | D:3      | Found a runed gate.
  3865 | D:3      | Found a runed gate.
  3865 | D:3      | Found a runed gate.
  3865 | D:3      | Noticed NochnoyZador's ghost (amateur OpAs)
  4179 | D:2      | Found a glowing golden altar of the Shining One.
  4584 | D:2      | Learned a level 4 spell: Sticky Flame
  4607 | D:3      | Mangled by a gnoll

Skill      XL: |  1  2  3 |
---------------+----------+-----
Conjurations   | 2 3 |  3.5
Fire Magic     | 4 |  4.8
Dodging        | |  2.4
Stealth        | |  2.4
Spellcasting   | |  3.0

Action                   |  1- 3 |  4- 6 || total
-------------------------+-------+-------++-------
Melee: Dagger            |     3 |     5 ||     8
Throw: Stone             |       |     1 ||     1
 Cast: Flame Tongue      |    88 |    43 ||   131
       Conjure Flame     |     1 |     6 ||     7
  Use: Scroll            |     3 |     2 ||     5
       Potion            |     2 |       ||     2
  Eat: Chunk             |     5 |       ||     5
       Ration            |     1 |     1 ||     2
Armor: Robe              |     8 |     2 ||    10
Dodge: Dodged            |    34 |    16 ||    50
